 Dungeon Crawl Stone Soup version 0.30.0-7-g0c4daa9e05 (webtiles) character file.

Game seed: 9890521329587526075

83 Kass the Covert (level 4, -8/41 HPs)
             Began as a Gnoll Delver on May 13, 2023.
             Killed by divine providence
             ... invoked by an orc priest
              (13 damage)
             ... on level 2 of the Dungeon.
             The game lasted 00:04:58 (1769 turns).

Kass the Covert (Gnoll Delver)                      Turns: 1769, Time: 00:04:59

Health: -8/41      AC:  3    Str: 14    XL:     4   Next: 44%
Magic:  5/5        EV: 13    Int:  9    God:
Gold:   169        SH:  0    Dex: 13    Spells: 5/5 levels left

rFire   . . .        a - +0 spear
rCold   . . .        (no shield)
rNeg    . . .        b - +0 leather armour
rPois   .            (no helmet)
rElec   .            (no cloak)
rCorr   .            (no gloves)
SInv    .            (no boots)
Will    .....        m - amulet of regeneration
Stlth   ++++         (no ring)
HPRegen 1.06/turn    (no ring)
MPRegen 0.09/turn

%: no passive effects
@: hasted, very quick
A: fangs 1, strong nose, distributed training
a: no special abilities


You were on level 2 of the Dungeon.
You visited 1 branch of the dungeon, and saw 5 of its levels.

You collected 169 gold pieces.

Inventory:

Hand Weapons
 a - a +0 spear (weapon)
Armour
 b - a +0 leather armour (worn)
 h - a +0 helmet
Jewellery
 m - an amulet of regeneration (around neck)
Wands
 g - a wand of digging (3)
Scrolls
 c - a scroll of fog
 d - 2 scrolls of magic mapping
 e - 2 scrolls of fear
 i - 3 scrolls of noise {unknown}
 j - 3 scrolls of poison {unknown}
 k - 4 scrolls of identify {unknown}
 p - a scroll of amnesia {unknown}
 r - 2 scrolls of enchant armour {unknown}
Potions
 f - a potion of haste
 l - 2 potions of degeneration {unknown}
 n - a potion of ambrosia {unknown}
 o - 3 potions of lignification {unknown}
 q - a potion of heal wounds {unknown}
 s - a potion of curing {unknown}
 t - a potion of brilliance {unknown}


   Skills:
 + Level 6.6 Fighting
 + Level 1.2 Short Blades
 + Level 1.2 Long Blades
 + Level 1.2 Axes
 + Level 1.2 Maces & Flails
 + Level 4.6 Polearms
 + Level 1.2 Staves
 + Level 1.2 Ranged Weapons
 + Level 1.2 Throwing
 + Level 1.2 Armour
 + Level 4.6 Dodging
 + Level 9.6 Stealth
 + Level 1.2 Shields
 + Level 1.2 Unarmed Combat
 + Level 1.2 Spellcasting
 + Level 1.0 Conjurations
 + Level 1.0 Hexes
 + Level 1.0 Summonings
 + Level 1.0 Necromancy
 + Level 1.0 Translocations
 + Level 1.0 Transmutations
 + Level 1.0 Fire Magic
 + Level 1.0 Ice Magic
 + Level 1.0 Air Magic
 + Level 1.0 Earth Magic
 + Level 1.0 Poison Magic
 + Level 1.3 Invocations
 + Level 1.2 Evocations


You had 5 spell levels left.
You didn't know any spells.
Your spell library contained the following spells:

 Spells                   Type           Power      Damage    Failure   Level
 Sandblast                Erth           4%         2d4       30%         1
 Passwall                 Tmut/Erth      1%         N/A       41%         2
 Stone Arrow              Conj/Erth      4%         3d7       65%         3


Dungeon Overview and Level Annotations

Branches:
Dungeon (5/15)
 Temple: D:4-7

Altars:
Dithmenos

Annotations:
D:4 Natasha


Innate Abilities, Weirdness & Mutations

You have very sharp teeth.
Your uncanny sense of smell can sniff out nearby items.
Your experience applies equally to all skills.


Message History

The orc priest mumbles some strange prayers to Beogh against you.
Pain shoots through your body!
You hit the orc priest.
The orc priest is moderately wounded.
The orc priest begins to cast a cantrip, but forgets the words!
You hit the orc priest but do no damage.
The orc priest is moderately wounded.
The orc priest hits you with a +0 whip.
You hit the orc priest.
The orc priest is moderately wounded.
The orc priest hits you with a +0 whip.
You hit the orc priest.
The orc priest is moderately wounded.
The orc priest invokes the aid of Beogh against you.
Pain shoots through your body!
You hit the orc priest.
The orc priest is heavily wounded.
You closely miss the orc priest.
The orc priest is heavily wounded.
The orc priest mumbles some strange prayers to Beogh against you.
Beogh smites you!
* * * LOW HITPOINT WARNING * * *
Unknown command.
The orc priest attacks as you move away!
The orc priest hits you with a +0 whip.
* * * LOW HITPOINT WARNING * * *
The orc priest attacks as you move away!
The orc priest closely misses you.
The orc priest invokes the aid of Beogh against you.
Beogh smites you!
* * * LOW HITPOINT WARNING * * *
There is a stone staircase leading up here.
The orc priest hits you with a +0 whip.
* * * LOW HITPOINT WARNING * * *
You climb upwards.
There is a stone staircase leading down here.
You feel yourself speed up.
The orc priest mumbles some strange prayers to Beogh against you.
Beogh smites you!
You die...

.....# #.....##....# #########
.....# #.....##....# #.......##
.....# #.....##....###.........
#..### #.....##................
#..# #.....##....##..........
#..##### #.....##.......#####.#..
##..(..###.....#.......## #.#..
.#....................## #8#..
.#......####....@...#########.#..
................o..........8<..8.
....().#####......#......#.......
.#...>.....#.....####.##...##8###
.#.....###.#..................#
##.....# #.#...........#.####.#
##.....###.......#.......# #.###
.........##...##.#.......####...#
............#....................


You could see an orc priest.

Vanquished Creatures
  2 adders (D:2)
  A gnoll (D:3)
  A dart slug (D:2)
  2 orcs (D:3)
  3 bats
  2 endoplasms
  4 hobgoblins
  4 jackals (D:1)
  5 quokkas
  8 ball pythons (D:1)
  5 frilled lizards
  3 goblins
  3 kobolds
  8 rats
51 creatures vanquished.

Vanquished Creatures (others)
  2 orcs (D:5)
2 creatures vanquished.

Grand Total: 53 creatures vanquished

Notes
Turn   | Place    | Note
-------+----------+-------------------------------------------
     0 | D:5      | Reached skill level 9 in Stealth
     0 | D:5      | Kass the Gnoll Delver began the quest for the Orb.
     0 | D:5      | Reached XP level 1. HP: 23/23 MP: 1/1
    16 | D:5      | Noticed a jelly
    48 | D:4      | Noticed Natasha
    51 | D:4      | Noticed an ice beast
    53 | D:4      | Found a shadowy altar of Dithmenos.
   148 | D:3      | Reached XP level 2. HP: 7/29 MP: 2/2
   476 | D:2      | Found Jitemuf's Distillery.
   522 | D:1      | Reached XP level 3. HP: 35/35 MP: 3/3
   768 | D:1      | Reached skill level 1 in Invocations
  1233 | D:1      | Reached skill level 1 in Short Blades
  1233 | D:1      | Reached skill level 1 in Long Blades
  1233 | D:1      | Reached skill level 1 in Axes
  1233 | D:1      | Reached skill level 1 in Maces & Flails
  1233 | D:1      | Reached skill level 1 in Staves
  1233 | D:1      | Reached skill level 1 in Ranged Weapons
  1233 | D:1      | Reached skill level 1 in Throwing
  1233 | D:1      | Reached skill level 1 in Armour
  1233 | D:1      | Reached skill level 1 in Shields
  1233 | D:1      | Reached skill level 1 in Unarmed Combat
  1233 | D:1      | Reached skill level 1 in Spellcasting
  1233 | D:1      | Reached skill level 1 in Evocations
  1348 | D:1      | Reached XP level 4. HP: 40/41 MP: 5/5
  1573 | D:2      | Reached skill level 1 in Conjurations
  1573 | D:2      | Reached skill level 1 in Hexes
  1573 | D:2      | Reached skill level 1 in Summonings
  1573 | D:2      | Reached skill level 1 in Necromancy
  1573 | D:2      | Reached skill level 1 in Translocations
  1573 | D:2      | Reached skill level 1 in Transmutations
  1573 | D:2      | Reached skill level 1 in Fire Magic
  1573 | D:2      | Reached skill level 1 in Ice Magic
  1573 | D:2      | Reached skill level 1 in Air Magic
  1573 | D:2      | Reached skill level 1 in Earth Magic
  1573 | D:2      | Reached skill level 1 in Poison Magic
  1769 | D:2      | Killed from afar by an orc priest

Illustrated notes

Levels and vault maps discovered:
D:1:      roderic_crop_circles_arrival_small, layout_basic
D:2:      layout_rooms, serial_shops, nicolae_shop_statue_plus
D:3:      layout_loops_corners
D:4:      minmay_wonky_spiral, layout_rooms, mainiacjoe_overflow_chevrons,
          uniq_natasha
D:5:      layout_rooms, grunt_temple_overflow_holy_war,
          minmay_temple_entry_fiery, uniq_duvessa

Skill      XL: |  1  2  3  4 |
---------------+-------------+-----
Stealth        | |  9.6
Invocations    | 1 |  1.3
Short Blades   | 1 |  1.2
Long Blades    | 1 |  1.2
Axes           | 1 |  1.2
Maces & Flails | 1 |  1.2
Staves         | 1 |  1.2
Ranged Weapons | 1 |  1.2
Throwing       | 1 |  1.2
Armour         | 1 |  1.2
Shields        | 1 |  1.2
Unarmed Combat | 1 |  1.2
Spellcasting   | 1 |  1.2
Evocations     | 1 |  1.2
Conjurations   | 1 |  1.0
Hexes          | 1 |  1.0
Summonings     | 1 |  1.0
Necromancy     | 1 |  1.0
Translocations | 1 |  1.0
Transmutations | 1 |  1.0
Fire Magic     | 1 |  1.0
Ice Magic      | 1 |  1.0
Air Magic      | 1 |  1.0
Earth Magic    | 1 |  1.0
Poison Magic   | 1 |  1.0
Fighting       | |  6.6
Polearms       | |  4.6
Dodging        | |  4.6

Action                     |  1- 3 |  4- 6 || total
---------------------------+-------+-------++-------
  Melee: Spear             |   150 |    51 ||   201
         Bite              |    15 |     1 ||    16
         Punch             |       |     1 ||     1
    Use: Potion            |       |     1 ||     1
   Stab: Sleeping          |    19 |     3 ||    22
         Distracted        |     1 |       ||     1
 Armour: Leather armour    |    25 |     4 ||    29
  Dodge: Dodged            |    82 |    19 ||   101
